AoeStats
← xdoppiadx

Arena

510419417Analyzed
4v4 RM · 13h ago on Sep 30, 2026· 47m 31s· 8 players
Game mode
Random Map
Map size
Large (8 player)
Population
200
Speed
Normal
Resources
Standard
Victory
Conquest
Starting age
Dark Age
Ending age
Imperial Age
RankedLock teamsTeams togetherTeam positionsShared explorationLock speedFull tech treeHidden civsTurbo modeCheats
Victory
Defeat
🇧🇷 Britons · Brazil
709
+11
🇮🇹 Franks · Italy
649
+13
🇦🇷 Varangians · Argentina
637
+14
🇮🇹 Vikings · Italy
627
+14
🇦🇺 Spanish · Australia
658
-15
🇺🇸 Teutons · United States
582
-13
🇺🇸 Britons · United States
566
-12
🇹🇷 Persians · Türkiye
558
-12
L.T Smith
12:25 Feudal Age
16:35 Castle Age
15:53 Gold Mining
15:44 Horse Collar
15:55 Double-Bit Axe
17:20 Forging
17:12 Scale Mail Armor
19:14 Arson
19:58 Squires
33:18 Heavy Plow
37:17 Imperial Age
35:24 Wheelbarrow
34:36 Town Watch
36:49 Vendel Legacy
38:00 Capped Ram
39:46 Siege Ram
40:00 Pikeman
41:29 Conscription
44:29 Elite Varangian Guard
45:18 Fletching
ildemo
0:32 Loom
12:53 Feudal Age
14:11 Double-Bit Axe
15:20 Wheelbarrow
17:09 Gold Mining
17:09 Stone Mining
21:09 Castle Age
19:17 Town Watch
23:32 Hand Cart
32:39 Ordonnance Companies
36:01 Imperial Age
34:28 Bow Saw
34:58 Gold Shaft Mining
34:49 Scale Barding Armor
34:45 Scale Mail Armor
34:56 Forging
34:37 Fletching
34:47 Padded Archer Armor
37:03 Caravan
37:37 Conscription
37:20 Chivalry
37:06 Cavalier
37:47 Husbandry
39:37 Chemistry
38:34 Murder Holes
38:20 Treadmill Crane
39:19 Iron Casting
40:45 Paladin
43:59 Elite Throwing Axeman
45:57 Hoardings
Lautenaius Maximus
10:20 Feudal Age
11:05 Double-Bit Axe
17:26 Castle Age
17:11 Horse Collar
24:00 Wheelbarrow
23:37 Bow Saw
23:40 Stone Mining
23:40 Gold Mining
29:56 Imperial Age
27:13 Town Watch
28:39 Heavy Plow
28:41 Light Cavalry
29:22 Husbandry
30:04 Fletching
30:27 Forging
31:28 Bodkin Arrow
31:57 Conscription
32:07 Caravan
32:56 Gold Shaft Mining
33:55 Two-Man Saw
36:23 Yeomen
36:06 Bracer
38:58 Chemistry
38:55 Ballistics
38:50 Fortified Wall
44:41 Elite Longbowman
xdoppiadx
10:33 Feudal Age
11:02 Double-Bit Axe
13:16 Loom
19:42 Castle Age
18:26 Gold Mining
18:43 Horse Collar
20:00 Stone Mining
21:16 Bow Saw
24:59 Heavy Plow
28:01 Caravan
32:34 Imperial Age
29:51 Town Watch
30:10 Scale Mail Armor
29:57 Treadmill Crane
30:38 Ballistics
31:35 Town Patrol
32:04 Forging
32:09 Chain Mail Armor
31:59 Scale Barding Armor
32:47 Scale Barding Armor
32:42 Padded Archer Armor
32:32 Fletching
32:42 Padded Archer Armor
34:04 Crop Rotation
35:01 Two-Man Saw
36:47 Iron Casting
36:42 Plate Mail Armor
36:32 Chain Barding Armor
36:47 Iron Casting
36:43 Plate Mail Armor
36:33 Chain Barding Armor
36:03 Fletching
36:28 Leather Archer Armor
38:52 Blast Furnace
38:22 Plate Mail Armor
38:12 Chain Barding Armor
37:41 Pikeman
39:14 Chain Barding Armor
39:20 Chieftains
40:07 Conscription
41:03 Bodkin Arrow
41:23 Leather Archer Armor
41:46 Squires
41:46 Arson
42:40 Heresy
42:31 Fervor
42:38 Block Printing
43:19 Hoardings
42:28 Capped Ram
43:46 Masonry
43:26 Heated Shot
43:32 Murder Holes
43:47 Fortified Wall
43:27 Guard Tower
43:32 Murder Holes
46:37 Elite Varangian Guard
47:21 Cavalier
K1NGlogman
12:04 Feudal Age
14:07 Horse Collar
14:13 Double-Bit Axe
19:32 Castle Age
24:21 Gold Mining
24:27 Stone Mining
25:54 Bow Saw
28:29 Heavy Plow
33:03 Caravan
36:48 Scale Barding Armor
36:55 Forging
36:48 Scale Mail Armor
39:06 Bloodlines
40:03 Ironclad
42:50 Iron Casting
42:41 Chain Mail Armor
42:46 Chain Barding Armor
Dumbzie
0:32 Loom
12:30 Feudal Age
20:18 Stone Mining
20:18 Double-Bit Axe
20:26 Gold Mining
23:01 Castle Age
20:45 Horse Collar
35:01 Padded Archer Armor
34:51 Fletching
37:54 Bow Saw
38:21 Gold Shaft Mining
41:39 Leather Archer Armor
41:20 Bodkin Arrow
41:43 Heavy Plow
41:52 Murder Holes
42:19 Ballistics
44:55 Caravan
47:30 Imperial Age
45:37 Wheelbarrow
44:48 Town Watch
☾☆ KaaN ☯
11:28 Feudal Age
11:57 Double-Bit Axe
17:26 Horse Collar
21:14 Castle Age
22:33 Heavy Plow
24:12 Man-at-Arms
28:28 Husbandry
28:39 Bloodlines
31:40 Imperial Age
29:34 Bow Saw
31:16 Scale Barding Armor
31:22 Forging
33:31 Chemistry
32:52 Ballistics
33:17 Crop Rotation
36:12 Chain Barding Armor
36:27 Iron Casting
41:35 Elite War Elephant
41:51 Long Swordsman
42:17 Gambesons
MachTerran
11:47 Feudal Age
16:10 Castle Age
14:44 Loom
15:05 Horse Collar
16:05 Stone Mining
17:54 Double-Bit Axe
19:55 Fervor
22:42 Heavy Plow
28:16 Bow Saw
28:01 Gold Mining
32:03 Imperial Age
32:48 Wheelbarrow
32:07 Fletching
35:35 Two-Man Saw
34:40 Padded Archer Armor
34:26 Pikeman
35:25 Squires
35:43 Halberdier
36:43 Forging
36:33 Scale Mail Armor
37:06 Husbandry
37:19 Bloodlines
38:45 Ballistics
39:29 Chemistry
39:42 Ballistics
40:07 Cavalier
42:01 Conscription
Connection lost

Rejoining the realm…

Still unreachable

The connection could not be restored.

Session expired

The server has moved on; the page needs a fresh start.